Map: Acid Plant LE

Players

Namshar - Winner!

  • Race: Zerg Zerg
  • Spawn Location: 11:00

BlueCheese

  • Race: Terran Terran
  • Spawn Location: 5:00

Event: WCS Leipzig 2018

VOD

Have the link to the VOD?

Description

Time

  • Played on: Jan. 26, 2018, 7:45 a.m.
  • Length: 21:12

All games in this series

Show
View Real Time Build Order
Export as new Build Order

Namshar Zerg - Winner!

Build Orders: Hatch First 

Get SALT Encoding   

  12  0:00  Drone  
  13  0:12  Overlord  
  13  0:16  Drone  
  14  0:30  Drone  
  14  0:31  Drone  
  14  0:34  Drone  
  17  0:51  Hatchery  
  17  0:54  Drone  
  17  0:57  Drone  
  18  1:08  Extractor  
  17  1:13  Spawning Pool  
  17  1:15  Drone  
  18  1:18  Drone  
  18  1:27  Drone  
  19  1:38  Overlord  
  19  1:49  Drone  
  20  1:59  Queen  
  20  2:00  Zergling x2  
  23  2:02  Queen  
  23  2:03  Zergling x2  
  26  2:14  Drone  
  27  2:21  Hatchery  
  26  2:23  Drone  
  26  2:27  Drone  
  28  2:30  Drone  
  28  2:33  Drone  
  30  2:41  Metabolic Boost  
  30  2:48  Drone  
  31  2:51  Pneumatized Carapace  
  31  2:54  Overlord  
  31  2:56  Drone  
  32  3:00  Drone  
  32  3:05  Drone x2  
  35  3:10  Drone  
  36  3:15  Drone, Queen  
  36  3:18  Drone x2  
  41  3:26  Overlord  
  41  3:28  Drone  
  41  3:32  Roach Warren  
  41  3:34  Drone x2  
  43  3:39  Overlord  
  43  3:44  Drone x2, Zergling x2  
  43  3:45  Zergling x2  
  47  3:50  Queen  
  49  3:57  Drone x3  
  49  3:58  Drone x2  
  54  4:04  Overlord  
  54  4:10  Zergling x2  
  54  4:11  Zergling x4  
  54  4:15  Drone  
  56  4:26  Zergling x2  
  56  4:27  Zergling x4  
  56  4:31  Zergling x2  
  56  4:34  Lair  
  56  4:35  Spore Crawler x2  
  56  4:37  Drone x6, Spore Crawler  
  57  4:40  Overlord  
  57  4:41  Drone  
  57  4:42  Drone x2  
  60  4:47  Drone  
  60  4:48  Drone  
  60  4:51  Extractor  
  60  4:52  Queen  
  63  4:53  Overlord  
  63  4:55  Drone  
  63  4:56  Drone  
  65  5:00  Queen  
  65  5:04  Overlord  
  65  5:06  Drone  
  68  5:09  Drone x4, Extractor  
  71  5:15  Drone x3  
  71  5:18  Drone x4  
  78  5:25  Evolution Chamber x2  
  78  5:27  Baneling Nest, Drone  
  78  5:28  Drone, Extractor  
  76  5:32  Queen  
  78  5:36  Drone  
  78  5:39  Overlord  
  75  5:44  Drone x3  
  75  5:47  Hatchery  
  75  5:59  Drone  
  75  6:00  Drone x3  
  79  6:06  Drone  
  79  6:07  Drone x9  
  88  6:12  Queen  
  88  6:15  Zerg Ground Armor Level 1  
  88  6:17  Zerg Melee Weapons Level 1  
  87  6:26  Extractor  
  86  6:35  Overlord x3  
  86  6:37  Drone x3  
  86  6:38  Zergling x2, Hydralisk Den  
  86  6:39  Zergling x2  
  89  6:42  Baneling x3  
  89  6:43  Baneling x5  
  89  6:44  Centrifical Hooks  
  89  6:46  Overlord x2  
  89  6:55  Zergling x14  
  89  6:56  Zergling x2  
  97  7:03  Zergling x6  
  97  7:04  Zergling x2  
  101  7:08  Muscular Augments, Infestation Pit  
  101  7:09  Zergling x6  
  101  7:10  Zergling x2  
  104  7:16  Zergling x2  
  104  7:17  Baneling  
  103  7:26  Zergling x2  
  103  7:27  Zergling x14  
  94  7:56  Hatchery, Zergling x18  
  92  8:09  Hydralisk  
  92  8:10  Hydralisk x4  
  92  8:11  Zerg Ground Armor Level 2  
  92  8:12  Baneling  
  102  8:13  Baneling x4  
  102  8:14  Zerg Melee Weapons Level 2  
  102  8:15  Hydralisk x2  
  102  8:16  Hydralisk  
  102  8:17  Overlord  
  102  8:19  Hive  
  108  8:20  Hydralisk x2  
  112  8:30  Hydralisk  
  112  8:31  Zergling x12  
  119  8:43  Hydralisk  
  119  8:44  Zergling x8  
  119  8:46  Queen  
  120  8:53  Zergling x2  
  120  8:54  Zergling x6  
  124  8:56  Overseer, Queen  
  124  9:02  Zergling x8  
  130  9:08  Zergling x2  
  130  9:09  Zergling x6  
  134  9:19  Overlord  
  134  9:20  Overlord x3  
  134  9:24  Drone x2  
  136  9:25  Drone  
  137  9:32  Baneling x6  
  137  9:36  Hatchery  
  136  9:39  Zergling x10  
  136  9:40  Zergling x2  
  136  9:44  Zergling x2  
  136  9:45  Zergling x6  
  144  9:47  Zergling x4  
  144  9:51  Viper x2  
  152  9:57  Ultralisk Cavern  
  152  9:58  Drone  
  152  9:59  Adrenal Glands  
  152  10:00  Drone  
  152  10:01  Extractor, Viper  
  152  10:06  Drone x2  
  152  10:07  Drone  
  158  10:09  Baneling x3, Queen  
  147  10:29  Zerg Ground Armor Level 3  
  147  10:30  Zergling x26  
  158  10:35  Baneling  
  158  10:36  Baneling x7  
  141  10:43  Zergling x18  
  141  10:47  Baneling x5  
  146  10:55  Zergling x18  
  149  10:59  Chitinous Plating  
  149  11:01  Zergling x8  
  153  11:07  Zerg Melee Weapons Level 3  
  143  11:21  Ultralisk, Zergling x16  
  125  11:28  Baneling x6  
  125  11:29  Baneling, Zergling x12  
  125  11:30  Zergling x4  
  133  11:34  Zergling x10  
  138  11:42  Baneling x2  
  138  11:44  Ultralisk, Zergling x8  
  138  11:45  Overlord  
  148  11:48  Hatchery  
  147  11:54  Overlord x2  
  147  11:55  Overlord  
  147  11:58  Ultralisk  
  153  12:01  Drone  
  153  12:03  Drone x3, Extractor  
  153  12:05  Baneling x5  
  156  12:14  Viper  
  157  12:28  Drone x3  
  155  12:32  Baneling  
  155  12:33  Viper  
  158  12:38  Zergling x18  
  158  12:39  Zergling x6  
  170  12:49  Viper  
  173  12:57  Ultralisk, Zergling x12  
  185  13:00  Baneling x2  
  185  13:03  Queen  
  184  13:12  Ultralisk, Zergling x22  
  200  13:19  Baneling x10  
  174  13:22  Zergling x20  
  180  13:27  Zergling x2  
  180  13:28  Zergling x4  
  175  13:41  Ultralisk, Zergling x14  
  176  13:46  Viper  
  176  13:48  Baneling x5  
  185  13:50  Queen  
  185  13:56  Queen x2  
  185  14:00  Zerg Missile Weapons Level 1  
  189  14:05  Ultralisk, Zergling x6  
  198  14:14  Overlord  
  197  14:17  Overseer  
  197  14:18  Queen  
  199  14:24  Drone  
  199  14:25  Spire  
  199  14:29  Zergling x2  
  165  14:49  Ultralisk x2, Zergling x12  
  165  14:50  Zergling x14  
  175  14:55  Queen  
  177  15:00  Baneling x7  
  177  15:10  Queen  
  177  15:13  Drone  
  178  15:29  Ultralisk x2, Zergling x2  
  178  15:30  Zergling x18  
  200  15:41  Overseer  
  199  15:57  Zergling x4  
  181  16:20  Overlord x2  
  181  16:21  Greater Spire  
  181  16:22  Hatchery  
  174  16:27  Ultralisk x2  
  174  16:32  Hatchery  
  185  16:34  Queen  
  185  16:36  Viper x3  
  183  16:49  Drone x3  
  183  16:50  Drone, Extractor  
  184  16:58  Hydralisk x5  
  184  16:59  Zergling x12  
  181  17:20  Ultralisk, Zergling x16  
  176  17:28  Corruptor x5  
  180  17:33  Baneling x5  
  180  17:34  Baneling  
  180  17:45  Corruptor x2  
  182  18:05  Brood Lord x4  
  190  18:21  Brood Lord x2  
  186  18:56  Brood Lord  
  188  19:07  Queen x3  
  188  19:14  Hydralisk x4  
  188  19:15  Ultralisk, Zergling x22  
  186  19:41  Corruptor x3  
  186  19:44  Hatchery  
  191  19:52  Extractor  
  181  20:05  Ultralisk, Hydralisk x3  
  181  20:06  Zergling x12  
  186  20:26  Baneling x4, Corruptor  
  186  20:27  Baneling x6, Corruptor x2  
  188  20:48  Zergling x2  
  188  20:49  Zergling x20  
Show
View Real Time Build Order
Export as new Build Order

BlueCheese Terran 

Build Orders: Reaper Expand, Bio Tank 

Get SALT Encoding   

  12  0:00  SCV  
  13  0:12  SCV  
  14  0:17  Supply Depot  
  14  0:24  SCV  
  15  0:38  SCV  
  15  0:39  Barracks  
  16  0:44  Refinery  
  16  0:50  SCV  
  17  1:02  SCV  
  18  1:14  SCV  
  19  1:27  Orbital Command, Reaper  
  20  1:41  Command Center  
  20  1:50  Supply Depot  
  20  1:53  SCV  
  21  1:59  Marine  
  22  2:06  SCV  
  22  2:07  Refinery  
  23  2:14  Factory  
  23  2:18  SCV  
  23  2:21  Barracks Reactor  
  24  2:35  SCV  
  25  2:47  SCV  
  26  2:54  Orbital Command  
  26  2:59  SCV  
  26  3:02  Starport  
  26  3:04  Hellion x2  
  31  3:06  Barracks Tech Lab  
  31  3:12  SCV  
  32  3:24  SCV  
  32  3:25  Hellion  
  32  3:26  Hellion  
  37  3:27  SCV  
  37  3:33  Supply Depot  
  38  3:36  SCV  
  38  3:39  SCV  
  40  3:46  Viking  
  40  3:48  SCV  
  43  3:51  SCV  
  44  3:57  Supply Depot  
  44  4:00  SCV  
  44  4:01  Liberator  
  45  4:07  SCV  
  45  4:09  Command Center  
  46  4:11  Barracks Tech Lab  
  46  4:12  SCV  
  47  4:19  SCV  
  47  4:24  SCV  
  47  4:31  SCV  
  48  4:33  Factory Reactor  
  48  4:34  Barracks  
  48  4:36  SCV, Barracks  
  48  4:38  Supply Depot  
  45  4:40  Marine  
  45  4:43  SCV  
  45  4:44  Stimpack  
  47  4:48  SCV  
  48  4:53  Engineering Bay  
  48  4:54  Engineering Bay  
  48  4:55  SCV  
  49  5:00  SCV  
  50  5:07  SCV  
  50  5:08  Refinery x2  
  50  5:09  Marine  
  50  5:12  Starport Reactor  
  52  5:15  SCV  
  52  5:18  Siege Tank  
  52  5:19  SCV  
  52  5:20  Terran Infantry Weapons Level 1, Terran Infantry Armor Level 1  
  57  5:24  Marine  
  57  5:25  Marine  
  57  5:27  SCV, Orbital Command  
  60  5:30  Marine x3  
  63  5:38  SCV  
  63  5:39  SCV  
  63  5:42  Marine x2  
  65  5:48  Marine x3  
  70  5:51  SCV x2  
  70  5:53  Supply Depot  
  70  5:54  Barracks x2  
  72  6:00  Marine x2  
  72  6:01  Medivac x2  
  78  6:06  Marine x3  
  78  6:08  SCV x2  
  83  6:13  Orbital Command  
  83  6:14  Siege Tank  
  83  6:18  Marine  
  86  6:20  SCV x2, Supply Depot  
  86  6:22  Marine  
  86  6:24  Marine  
  86  6:25  Marine x2  
  88  6:30  Supply Depot  
  91  6:32  SCV  
  91  6:34  Armory  
  91  6:35  SCV  
  91  6:36  Marine  
  93  6:42  SCV  
  93  6:45  SCV  
  95  6:47  SCV, Supply Depot x2  
  95  6:49  Marine, Barracks Reactor x2  
  95  6:54  SCV  
  98  6:55  Combat Shields  
  98  6:57  SCV  
  98  6:59  Marine x4  
  103  7:03  Factory  
  103  7:07  Marine  
  104  7:11  SCV x3  
  104  7:14  Refinery  
  104  7:15  Refinery  
  107  7:16  Marine x2  
  107  7:17  Marine x2  
  111  7:25  Marine  
  111  7:29  Marine x3  
  113  7:30  Marine  
  113  7:31  Siege Tank  
  113  7:34  Marine x2  
  113  7:35  Marine x2  
  123  7:43  Marine  
  112  7:47  Marine x4  
  112  7:48  Terran Infantry Weapons Level 2  
  112  7:51  SCV x2, Barracks  
  117  7:52  Barracks x2, Marine x3  
  117  7:53  SCV  
  112  7:58  Marine  
  112  8:01  Marine  
  112  8:02  Factory Tech Lab  
  112  8:03  Siege Tank  
  112  8:04  Terran Infantry Armor Level 2  
  112  8:05  Marine x4  
  119  8:08  SCV, Supply Depot  
  119  8:09  Supply Depot  
  119  8:10  Marine  
  119  8:11  Supply Depot  
  123  8:18  Marine x2  
  125  8:26  Command Center  
  125  8:29  Supply Depot x2, Marine  
  125  8:30  SCV x3  
  129  8:37  Terran Vehicle Weapons Level 1  
  129  8:38  Marine  
  129  8:39  Barracks Tech Lab x2, Marine x2  
  126  8:50  Siege Tank  
  126  8:51  Siege Tank  
  126  8:52  Marine x3  
  126  8:53  Barracks Tech Lab  
  126  8:54  Marine  
  126  8:55  Marine x2  
  134  8:56  Marine x2  
  134  8:57  Supply Depot  
  134  8:58  Marine x2  
  134  8:59  Supply Depot, Marine  
  134  9:00  Medivac  
  141  9:04  Medivac  
  141  9:06  SCV  
  144  9:10  Marine x3  
  144  9:12  Marine x2  
  144  9:13  Marauder  
  141  9:22  Siege Tank  
  141  9:23  Marine x2, Marauder x3  
  152  9:26  Supply Depot  
  152  9:30  Medivac  
  154  9:32  Marine x4  
  154  9:33  Marine  
  154  9:34  Medivac, Marauder  
  154  9:36  Marine  
  164  9:41  Marine x2  
  164  9:45  Planetary Fortress  
  162  9:46  SCV x2  
  162  9:48  Marine x2  
  162  9:49  Marine  
  162  9:50  Marine x2  
  169  9:56  Marine, Marauder, Siege Tank  
  169  9:57  Marine x2  
  177  10:00  Marine x2  
  183  10:07  Marauder x2  
  183  10:12  Siege Tank  
  183  10:14  Marine x3, Marauder  
  186  10:15  Terran Infantry Weapons Level 3  
  187  10:23  Marine x2, Marauder  
  187  10:27  SCV  
  187  10:28  SCV x2  
  182  10:29  Siege Tank  
  182  10:34  SCV  
  178  10:40  SCV  
  157  10:44  Marine x3  
  157  10:45  Marine  
  160  10:54  Marine x3  
  160  10:55  Marauder  
  150  10:58  Siege Tank  
  150  10:59  SCV x2  
  150  11:00  SCV x2  
  150  11:01  Siege Tank  
  150  11:03  Terran Infantry Armor Level 3  
  160  11:05  Marine x4  
  160  11:06  Marauder  
  166  11:11  SCV x2  
  166  11:14  Marine x5  
  166  11:15  Marauder  
  174  11:22  Marine x2  
  174  11:23  Marine x3  
  143  11:27  Marauder  
  143  11:28  SCV x2  
  143  11:31  Siege Tank  
  143  11:32  Marine  
  151  11:33  Siege Tank, Marauder  
  151  11:36  Medivac x2  
  151  11:38  Marine x3  
  151  11:39  Marauder  
  165  11:40  Marine  
  166  11:51  Marine x3, Marauder  
  173  11:54  Marauder  
  173  11:55  Terran Vehicle Weapons Level 2  
  173  11:58  Refinery, Marauder  
  173  11:59  SCV x2  
  177  12:02  Marine, Marauder  
  177  12:06  Medivac x2  
  184  12:15  Marine x4, Marauder  
  191  12:16  Marauder  
  191  12:20  Marine x3  
  191  12:21  Marine, Marauder  
  198  12:24  Marauder  
  200  12:32  Marine  
  199  13:07  Marine  
  199  13:14  Command Center  
  199  13:18  Marauder x2  
  199  13:19  Marauder x2, Marine  
  177  13:20  Medivac x2, Siege Tank x2  
  171  13:36  Marine x6  
  171  13:40  Marauder x4  
  160  13:44  Marine x2  
  161  13:52  Siege Tank x2  
  161  13:53  Marine  
  161  13:54  Medivac x2, Marine x4  
  176  13:59  Marine  
  176  14:01  Marauder x4  
  176  14:02  Marine x2  
  187  14:11  Marine x3  
  187  14:12  Marine x2  
  187  14:13  Concussive Shells  
  192  14:17  Marine  
  192  14:20  Marine x2  
  192  14:22  Marauder  
  192  14:23  Marauder  
  199  14:26  Planetary Fortress  
  199  14:29  Marine  
  174  14:44  Marauder x2  
  150  14:49  Marine, Marauder  
  150  14:51  Marauder, Siege Tank x2, Marine x2  
  150  14:52  Marine x4  
  163  14:53  Medivac x2  
  163  14:54  Marine  
  168  15:05  Liberator, Marauder x2  
  168  15:06  Liberator  
  168  15:07  Marine  
  172  15:09  Marine x2  
  172  15:11  Marauder  
  172  15:12  Barracks  
  172  15:13  Marauder  
  179  15:23  Siege Tank x2  
  179  15:27  Marauder x2  
  195  15:32  Marauder  
  195  15:34  Marauder  
  199  15:48  Marauder x2  
  200  16:10  Marine x2, Marauder  
  200  16:11  Marine, Marauder x3  
  194  16:13  Siege Tank x2  
  194  16:16  Marine  
  198  16:26  Marine  
  198  16:27  Marine  
  198  16:32  Terran Vehicle Weapons Level 3  
  193  16:48  Siege Tank x2  
  193  16:49  Marauder x3  
  193  16:52  Command Center  
  190  17:09  Marine x2, Marauder  
  190  17:10  Marauder x3  
  164  17:19  Marine x2  
  164  17:20  Siege Tank x2  
  155  17:30  Marauder  
  155  17:31  Marine, Marauder  
  155  17:32  Marine, Marauder x2  
  155  17:33  Medivac x2  
  169  17:38  Marine x5  
  174  17:51  Marauder  
  174  17:52  Siege Tank x2  
  174  17:53  Marauder x3  
  186  17:58  Marine  
  186  17:59  Marine x2  
  186  18:03  Medivac  
  191  18:06  Missile Turret  
  191  18:07  Missile Turret  
  189  18:13  Marauder  
  189  18:14  Marauder x2  
  189  18:15  Marauder  
  197  18:22  Missile Turret  
  197  18:29  Siege Tank  
  186  18:34  Marauder  
  186  18:36  Marauder x3  
  186  18:39  Marine x3  
  186  18:40  Marine  
  191  18:41  Barracks Tech Lab  
  191  18:47  Medivac x2  
  179  18:48  Marine  
  179  18:49  Marine  
  179  18:55  Missile Turret  
  178  18:56  Marauder, Siege Tank  
  178  18:57  Marauder x3  
  178  19:02  Marine  
  186  19:03  Marine x5  
  180  19:17  Marauder  
  180  19:18  Marauder  
  180  19:19  Marauder x2  
  180  19:20  Marine  
  180  19:21  Marine x2  
  176  19:32  Marine x2  
  176  19:33  Marauder  
  176  19:34  Marine x3  
  181  19:38  Marauder  
  181  19:40  Marauder x3  
  186  19:46  Marine  
  186  19:47  Marine  
  183  19:55  Marine x2  
  183  19:56  Marine x5  
  183  19:57  Siege Tank x2  
  185  20:00  Marauder  
  185  20:01  Marine x2, Marauder  
  185  20:04  Marine x2  
  166  20:16  Marine  
  166  20:17  Marine x5  
  166  20:18  Marauder  
  166  20:19  Marine x2  
  168  20:23  Marine x4  
  168  20:30  Medivac  
  168  20:31  Medivac  
  168  20:34  Marine x3  
  168  20:35  Marine x3  
  174  20:37  Marine, Marauder  
  174  20:39  Marine  
  174  20:41  Marine x3  
  175  20:45  Marine  
  153  20:52  Marine x4  
  153  20:53  Marine x2  
Tags
 
Add a new tag
Caveats
  • Supply blocks, unpowered buildings, or Contaminate may cause inaccurate times.
  • Supply counts are checked every 10 seconds.